Map: Stacja badawcza JD-2

Players

Pavone - Winner!

  • Race: Protoss Protoss
  • Spawn Location: 12:00

newplayer - Winner!

  • Race: Protoss Protoss
  • Spawn Location: 3:00

pollo - Winner!

  • Race: Protoss Protoss
  • Spawn Location: 1:00

aria - Winner!

  • Race: Zerg Zerg
  • Spawn Location: 12:00

sergey

  • Race: Terran Terran
  • Spawn Location: 7:00

RENK

  • Race: Zerg Zerg
  • League: Gold
  • Spawn Location: 7:00

Gracz

  • Race: Zerg Zerg
  • Spawn Location: 6:00

Podhaj

  • Race: Protoss Protoss
  • Spawn Location: 6:00

VOD

Have the link to the VOD?

Description

Time

  • Played on: March 1, 2016, 9:11 a.m.
  • Length: 13:34
Show
View Real Time Build Order
Export as new Build Order

Pavone Protoss - Winner!

Build Orders:  

Get SALT Encoding   

  12  0:01  Probe (Chrono Boost)  
  13  0:12  Probe (Chrono Boost)  
  14  0:20  Pylon  
  14  0:24  Probe (Chrono Boost)  
  15  0:38  Probe (Chrono Boost)  
  15  0:41  Forge  
  16  0:48  Probe (Chrono Boost)  
  17  0:53  Pylon  
  17  0:59  Probe (Chrono Boost)  
  18  1:12  Probe (Chrono Boost)  
  19  1:23  Photon Cannon  
  19  1:31  Photon Cannon  
  19  1:32  Probe (Chrono Boost)  
  20  1:42  Probe (Chrono Boost)  
  21  1:54  Nexus  
  21  1:59  Pylon  
  21  2:05  Probe (Chrono Boost)  
  23  2:15  Probe (Chrono Boost)  
  23  2:36  Probe (Chrono Boost)  
  24  2:38  Photon Cannon  
  24  2:47  Gateway  
  24  2:51  Probe (Chrono Boost)  
  25  2:56  Assimilator  
  25  3:01  Assimilator  
  25  3:12  Probe x2 (Chrono Boost)  
  27  3:26  Pylon  
  27  3:32  Probe x2 (Chrono Boost)  
  29  3:43  Probe x2 (Chrono Boost)  
  31  3:52  Cybernetics Core  
  31  3:55  Probe x2 (Chrono Boost), Photon Cannon  
  33  4:05  Probe (Chrono Boost)  
  33  4:06  Probe (Chrono Boost)  
  33  4:09  Pylon  
  35  4:13  Assimilator  
  35  4:16  Probe x2 (Chrono Boost)  
  37  4:18  Assimilator  
  37  4:27  Probe x2 (Chrono Boost)  
  37  4:29  Protoss Air Weapons Level 1  
  39  4:37  Probe x2 (Chrono Boost)  
  41  4:48  Photon Cannon  
  41  4:50  Photon Cannon  
  41  4:52  Pylon, Photon Cannon  
  41  5:01  Probe (Chrono Boost)  
  41  5:06  Stargate  
  42  5:09  Stargate  
  42  5:11  Photon Cannon  
  42  5:12  Probe (Chrono Boost)  
  42  5:13  Photon Cannon  
  43  5:37  Photon Cannon  
  43  5:39  Photon Cannon x2  
  43  5:52  Phoenix (Chrono Boost)  
  43  5:53  Phoenix (Chrono Boost)  
  43  5:54  Photon Cannon  
  47  6:07  Fleet Beacon  
  47  6:15  Phoenix x2 (Chrono Boost)  
  51  6:36  Nexus  
  51  6:37  Phoenix x2 (Chrono Boost)  
  55  6:42  Pylon  
  55  6:47  Pylon  
  55  6:48  Assimilator  
  55  6:49  Assimilator  
  55  6:59  Phoenix x2 (Chrono Boost)  
  59  7:03  Anion Pulse-Crystals  
  59  7:20  Phoenix (Chrono Boost)  
  59  7:57  Phoenix x2 (Chrono Boost)  
  61  8:19  Phoenix x2 (Chrono Boost)  
  65  8:41  Phoenix x2 (Chrono Boost)  
  55  8:56  Protoss Air Weapons Level 2  
  59  9:02  Phoenix (Chrono Boost)  
  59  9:03  Phoenix (Chrono Boost)  
  59  9:24  Probe  
  59  9:25  Probe  
  59  9:26  Probe  
  68  9:32  Carrier (Chrono Boost)  
  68  9:33  Carrier (Chrono Boost)  
  68  9:35  Probe  
  68  9:37  Probe  
  68  9:38  Probe  
  76  9:45  Probe  
  76  9:49  Probe  
  76  9:50  Probe  
  79  9:56  Probe  
  79  10:01  Probe  
  79  10:02  Probe  
  79  10:06  Probe  
  74  10:14  Probe x2  
  72  10:29  Graviton Catapult  
  72  10:40  Pylon  
  72  10:46  Carrier (Chrono Boost)  
  72  10:48  Carrier (Chrono Boost)  
  81  11:32  Assimilator  
  81  11:37  Pylon  
  81  12:01  Carrier (Chrono Boost)  
  87  12:02  Carrier (Chrono Boost)  
  93  13:09  Pylon  
  93  13:10  Pylon  
  93  13:12  Pylon  
  93  13:13  Pylon  
  93  13:15  Pylon  
  93  13:19  Pylon  
  105  13:20  Pylon  
Show
View Real Time Build Order
Export as new Build Order

newplayer Protoss - Winner!

Build Orders: 1 Gate Expand 

Get SALT Encoding   

  12  0:04  Probe (Chrono Boost)  
  13  0:14  Probe (Chrono Boost)  
  14  0:22  Pylon  
  14  0:25  Probe (Chrono Boost)  
  15  0:40  Probe (Chrono Boost)  
  16  0:43  Gateway  
  16  0:50  Probe (Chrono Boost)  
  16  0:53  Assimilator  
  17  1:01  Probe (Chrono Boost)  
  18  1:12  Probe (Chrono Boost)  
  19  1:24  Nexus  
  19  1:28  Probe (Chrono Boost)  
  20  1:38  Pylon  
  20  1:40  Probe (Chrono Boost)  
  20  1:44  Assimilator  
  21  1:51  Probe (Chrono Boost)  
  22  2:01  Cybernetics Core  
  22  2:03  Probe (Chrono Boost)  
  23  2:13  Probe (Chrono Boost)  
  24  2:16  Zealot (Chrono Boost)  
  26  2:27  Pylon  
  26  2:40  Pylon  
  26  2:41  Mothership Core  
  28  2:51  Probe  
  29  3:02  Probe x2  
  29  3:04  Stargate  
  31  3:18  Probe (Chrono Boost)  
  31  3:19  Probe (Chrono Boost)  
  33  3:29  Pylon  
  33  3:30  Probe (Chrono Boost)  
  33  3:31  Probe (Chrono Boost)  
  35  3:40  Probe (Chrono Boost)  
  36  3:41  Probe (Chrono Boost)  
  36  3:46  Assimilator  
  37  3:50  Assimilator  
  37  3:51  Probe (Chrono Boost)  
  37  3:52  Probe (Chrono Boost)  
  39  4:01  Forge  
  39  4:04  Probe (Chrono Boost)  
  39  4:09  Pylon  
  40  4:14  Probe (Chrono Boost)  
  41  4:20  Fleet Beacon, Probe (Chrono Boost)  
  42  4:24  Probe (Chrono Boost)  
  43  4:34  Stargate  
  43  4:48  Probe (Chrono Boost)  
  44  4:55  Photon Cannon  
  44  4:57  Probe (Chrono Boost)  
  45  5:04  Probe (Chrono Boost)  
  46  5:10  Probe (Chrono Boost)  
  51  5:16  Tempest (Chrono Boost)  
  51  5:20  Pylon  
  51  5:23  Tempest (Chrono Boost)  
  51  5:27  Probe  
  56  5:34  Probe  
  57  5:43  Nexus  
  57  5:48  Pylon  
  57  5:54  Protoss Air Weapons Level 1  
  61  6:01  Tempest x2 (Chrono Boost), Probe  
  61  6:02  Probe  
  67  6:08  Pylon  
  67  6:13  Photon Cannon x2  
  67  6:15  Photon Cannon  
  67  6:18  Probe  
  67  6:19  Probe  
  69  6:38  Stargate  
  73  6:41  Pylon  
  73  6:43  Tempest x2 (Chrono Boost)  
  77  6:47  Pylon  
  77  6:56  Protoss Shields Level 1  
  77  6:57  Probe  
  77  6:58  Probe  
  79  7:01  Probe  
  79  7:02  Assimilator  
  80  7:09  Assimilator  
  80  7:12  Probe  
  81  7:25  Tempest (Chrono Boost)  
  81  7:26  Probe  
  81  7:29  Probe  
  86  7:33  Probe  
  92  7:47  Tempest (Chrono Boost)  
  92  7:48  Protoss Air Armor Level 1  
  92  7:57  Probe  
  93  8:01  Probe  
  93  8:02  Probe  
  99  8:06  Tempest (Chrono Boost)  
  99  8:09  Probe  
  100  8:14  Photon Cannon  
  100  8:19  Photon Cannon  
  100  8:24  Photon Cannon  
  108  8:33  Tempest x2 (Chrono Boost)  
  108  8:46  Tempest (Chrono Boost)  
  112  8:51  Stargate x2  
  112  9:00  Nexus  
  120  9:21  Tempest (Chrono Boost)  
  120  9:22  Tempest (Chrono Boost)  
  92  10:05  Tempest (Chrono Boost)  
  108  10:11  Tempest (Chrono Boost)  
  108  10:12  Tempest x2 (Chrono Boost)  
  112  10:35  Tempest (Chrono Boost)  
  112  10:53  Tempest (Chrono Boost)  
  120  10:58  Tempest (Chrono Boost)  
  124  11:27  Tempest x2 (Chrono Boost)  
  124  11:38  Pylon  
  124  11:39  Pylon  
  120  11:40  Pylon x2  
  120  11:41  Tempest (Chrono Boost)  
  104  11:56  Tempest (Chrono Boost)  
  112  12:02  Tempest (Chrono Boost)  
  116  12:09  Tempest (Chrono Boost)  
  124  12:37  Tempest x2 (Chrono Boost)  
Show
View Real Time Build Order
Export as new Build Order

pollo Protoss - Winner!

Build Orders: 1 Gate Expand, Oracle Opening 

Get SALT Encoding   

  12  0:01  Probe (Chrono Boost)  
  13  0:16  Pylon  
  13  0:18  Probe (Chrono Boost)  
  14  0:28  Probe (Chrono Boost)  
  15  0:35  Gateway  
  15  0:39  Probe (Chrono Boost)  
  16  0:45  Assimilator  
  16  0:55  Probe (Chrono Boost)  
  17  1:17  Nexus  
  17  1:34  Cybernetics Core  
  17  1:38  Probe (Chrono Boost)  
  18  1:49  Pylon, Probe (Chrono Boost)  
  19  1:56  Assimilator  
  19  2:00  Probe (Chrono Boost)  
  20  2:10  Probe (Chrono Boost)  
  21  2:20  Adept  
  21  2:22  Mothership Core (Chrono Boost)  
  25  2:40  Probe (Chrono Boost)  
  26  2:54  Probe x2 (Chrono Boost)  
  26  2:55  Stargate  
  26  2:57  Assimilator  
  28  3:01  Assimilator  
  28  3:06  Probe (Chrono Boost)  
  28  3:07  Probe (Chrono Boost)  
  28  3:10  Warp Gate  
  30  3:16  Probe (Chrono Boost)  
  30  3:17  Pylon  
  31  3:24  Probe (Chrono Boost)  
  32  3:36  Probe x2 (Chrono Boost)  
  32  3:38  Oracle  
  37  3:47  Probe x2 (Chrono Boost)  
  39  3:53  Gateway  
  39  3:55  Gateway  
  39  3:56  Gateway  
  39  3:58  Probe x2 (Chrono Boost)  
  41  4:15  Pylon  
  41  4:18  Probe (Chrono Boost)  
  41  4:19  Probe (Chrono Boost)  
  43  4:27  Void Ray  
  43  4:29  Probe x2 (Chrono Boost)  
  49  4:59  Probe x2 (Chrono Boost)  
  51  5:06  Twilight Council  
  51  5:07  Forge  
  51  5:09  Probe x2 (Chrono Boost)  
  51  5:10  Forge, Void Ray  
  57  5:21  Stalker x2  
  61  5:33  Pylon  
  61  5:35  Pylon, Probe (Chrono Boost)  
  62  5:38  Pylon  
  62  5:43  Protoss Ground Weapons Level 1 (Chrono Boost), Pylon, Protoss Ground Armor Level 1 (Chrono Boost)  
  62  5:48  Pylon, Blink  
  62  5:51  Pylon, Probe (Chrono Boost)  
  62  5:55  Void Ray  
  67  6:08  Stalker x3  
  73  6:42  Void Ray  
  73  6:45  Stalker x4  
  82  7:08  Pylon  
  82  7:09  Stalker x3  
  82  7:10  Stalker  
  82  7:11  Pylon  
  91  7:15  Probe  
  91  7:36  Void Ray  
  95  7:39  Nexus  
  95  7:41  Pylon  
  95  7:44  Pylon  
  95  7:47  Pylon  
  95  7:51  Pylon  
  95  7:59  Robotics Facility, Protoss Ground Weapons Level 2 (Chrono Boost), Protoss Ground Armor Level 2 (Chrono Boost)  
  95  8:19  Void Ray  
  99  8:39  Stalker x4  
  107  8:48  Observer, Gateway  
  108  8:49  Gateway  
  108  8:52  Gateway  
  108  8:56  Gateway  
  108  9:06  Stalker x2  
  108  9:07  Stalker x2  
  114  9:31  Stalker x3  
  116  9:32  Stalker  
  116  9:35  Observer  
  123  10:03  Stalker x4  
  131  10:22  Stalker x2  
  131  10:23  Stalker x2  
  126  11:24  Stalker x4  
  126  11:25  Stalker x4  
  138  11:42  Warp Prism  
  116  12:48  Stalker  
  116  12:49  Stalker x6  
  116  12:50  Stalker  
  130  12:58  Probe  
Show
View Real Time Build Order
Export as new Build Order

aria Zerg - Winner!

Build Orders: 3 Hatch before Pool 

Get SALT Encoding   

  12  0:04  Drone  
  13  0:10  Drone  
  14  0:17  Overlord  
  14  0:38  Drone x2  
  14  0:39  Drone  
  17  0:50  Drone  
  18  1:02  Drone  
  19  1:05  Hatchery  
  18  1:12  Drone  
  19  1:30  Hatchery  
  18  1:39  Drone x2  
  20  1:51  Spawning Pool  
  19  2:02  Extractor  
  19  2:03  Drone x2  
  19  2:04  Extractor  
  19  2:28  Drone x2  
  19  2:29  Drone x2  
  23  2:36  Overlord  
  23  2:39  Queen x2  
  23  2:41  Drone x2  
  29  2:59  Drone x4  
  33  3:06  Drone x2  
  33  3:07  Drone  
  36  3:13  Queen  
  38  3:28  Zergling x8  
  38  3:34  Overlord x2  
  43  3:55  Zergling x2  
  43  3:56  Zergling x22  
  43  3:58  Metabolic Boost  
  54  4:05  Lair  
  54  4:28  Drone  
  54  4:29  Drone x3  
  58  4:32  Overlord x4  
  57  4:47  Extractor  
  57  4:50  Extractor  
  57  4:52  Drone  
  56  4:53  Drone x8  
  62  5:25  Drone  
  62  5:26  Drone x13  
  76  5:44  Spire  
  76  5:49  Infestation Pit  
  74  5:55  Extractor  
  74  5:56  Extractor, Drone x3  
  74  5:57  Drone x6  
  81  6:02  Overlord x3  
  81  6:03  Overlord x3  
  81  6:09  Queen  
  83  6:25  Hatchery  
  82  6:50  Hive  
  82  7:00  Hatchery  
  81  7:44  Mutalisk x6  
  81  7:45  Mutalisk x6  
  81  7:46  Mutalisk x6  
  81  7:47  Mutalisk x3  
  123  7:56  Extractor x2  
  121  8:01  Overlord x3  
  121  8:02  Overlord x6  
  121  8:03  Overlord x3  
  121  8:21  Baneling Nest  
  120  8:30  Hatchery  
  115  8:48  Greater Spire  
  107  9:12  Overseer  
  107  9:13  Pneumatized Carapace  
  107  9:15  Overseer  
  107  9:16  Overseer x6  
  107  9:18  Overlord x4  
  107  9:23  Drone  
  107  9:24  Drone x7  
  110  9:48  Corruptor x4  
  110  9:49  Corruptor x5  
  124  10:37  Brood Lord  
  124  10:38  Brood Lord x5  
  124  10:39  Brood Lord  
  134  10:54  Corruptor x5  
  134  10:55  Corruptor  
  138  11:13  Corruptor x4  
  146  11:43  Brood Lord x2  
  146  11:44  Brood Lord  
  146  11:45  Brood Lord  
  154  12:07  Brood Lord x2  
  154  12:08  Brood Lord  
  154  12:35  Corruptor  
  154  12:36  Corruptor x6  
  168  12:55  Corruptor x2  
  168  12:56  Corruptor x2  
  174  13:14  Extractor  
  174  13:15  Extractor  
Show
View Real Time Build Order
Export as new Build Order

sergey Terran 

Build Orders: Mech 

Get SALT Encoding   

  12  0:05  SCV  
  13  0:17  SCV  
  14  0:21  Supply Depot  
  14  0:29  SCV  
  14  0:30  Refinery  
  15  0:43  SCV  
  15  0:46  Refinery  
  16  0:57  Barracks  
  16  1:03  SCV  
  17  1:15  SCV  
  18  1:19  Engineering Bay  
  18  1:32  SCV  
  19  1:47  Bunker, Marine  
  20  1:55  Planetary Fortress  
  20  2:05  Marine  
  21  2:23  Marine  
  22  2:30  Factory  
  22  2:35  SCV  
  23  2:49  Supply Depot  
  23  2:57  Supply Depot  
  23  3:04  Missile Turret  
  23  3:10  Marine, SCV  
  25  3:14  Factory Tech Lab  
  25  3:22  SCV  
  26  3:28  Marine  
  26  3:33  Siege Tank  
  30  3:34  SCV  
  31  3:47  Missile Turret  
  31  4:08  Sensor Tower  
  31  4:09  SCV  
  32  4:10  Factory  
  32  4:11  Factory  
  32  4:33  Building Armor  
  32  4:42  Siege Tank  
  35  4:57  Factory Reactor x2  
  35  5:33  Widow Mine x2  
  38  5:54  Supply Depot  
  38  5:55  Supply Depot x2  
  38  6:01  Armory  
  38  6:13  Hi-Sec Auto Tracking  
  38  6:15  Widow Mine x4  
  38  6:16  Widow Mine  
  48  6:27  Missile Turret  
  48  6:44  Widow Mine x3  
  48  6:45  Siege Tank  
  51  8:01  Thor  
  56  8:09  Widow Mine x3  
  62  8:22  Supply Depot  
  62  8:33  Widow Mine  
  60  8:37  Widow Mine  
  60  8:38  Widow Mine  
  62  8:42  Widow Mine  
  62  8:44  Supply Depot  
  61  9:06  Supply Depot  
  61  9:12  Missile Turret  
  61  9:15  Missile Turret  
  61  9:17  Missile Turret  
  61  9:29  Supply Depot  
  55  9:39  Command Center  
  55  9:44  Missile Turret  
  51  9:49  Missile Turret  
  51  9:52  Supply Depot  
  51  10:05  Missile Turret  
  51  10:09  Missile Turret  
  51  10:14  Refinery  
  51  10:15  Refinery  
  51  10:16  Widow Mine x3  
  51  10:17  Widow Mine  
  59  10:45  Widow Mine x4  
  44  11:13  Widow Mine x3  
  44  11:14  Widow Mine  
  25  11:42  Widow Mine  
  33  11:52  Widow Mine  
Show
View Real Time Build Order
Export as new Build Order

RENK Zerg 

Build Orders: 3 Hatch before Pool 

Get SALT Encoding   

  12  0:19  Drone  
  12  0:20  Drone  
  12  0:21  Overlord  
  14  0:40  Drone  
  14  0:41  Drone  
  16  0:51  Drone  
  17  1:00  Hatchery  
  16  1:28  Extractor, Hatchery  
  14  1:33  Spawning Pool  
  13  1:45  Drone x3  
  16  1:56  Drone  
  17  2:08  Drone  
  18  2:13  Drone  
  19  2:21  Queen x2  
  23  2:25  Zergling x2  
  23  2:28  Zergling x2  
  25  2:40  Queen  
  27  2:45  Overlord  
  27  2:49  Drone  
  28  2:56  Drone x2  
  28  2:58  Drone  
  31  3:04  Metabolic Boost  
  31  3:08  Drone  
  31  3:11  Drone  
  33  3:28  Lair  
  33  3:30  Extractor  
  32  3:35  Drone x5  
  32  3:38  Drone  
  32  3:39  Drone  
  39  3:42  Drone  
  39  3:44  Drone  
  41  3:48  Overlord  
  41  4:09  Drone x6  
  47  4:14  Extractor  
  47  4:15  Extractor  
  45  4:18  Drone x5  
  49  4:26  Overlord x2  
  49  4:27  Overlord  
  47  4:45  Spire  
  46  4:46  Drone x5  
  46  4:49  Zergling x4  
  46  4:50  Zergling x2  
  46  4:52  Zergling x2  
  55  4:55  Zergling x2  
  55  4:57  Zergling x2  
  57  5:05  Zergling x2  
  57  5:06  Zergling x2  
  59  5:13  Spine Crawler  
  58  5:14  Zergling x2  
  58  5:15  Zergling x6  
  62  5:22  Overlord  
  61  5:47  Hatchery  
  60  5:58  Zerg Flyer Weapons Level 1, Mutalisk  
  60  5:59  Mutalisk x7  
  60  6:02  Overlord  
  76  6:05  Overlord  
  76  6:36  Drone x10  
  86  6:48  Mutalisk x3  
  86  6:50  Extractor, Overlord x2  
  86  6:51  Extractor  
  90  6:54  Overseer  
  89  7:07  Queen  
  89  7:08  Drone  
  92  7:13  Mutalisk x4  
  100  7:17  Mutalisk  
  102  7:28  Drone x2  
  104  7:34  Overlord  
  104  7:35  Overlord x3  
  104  7:45  Infestation Pit  
  103  7:59  Mutalisk x5  
  103  8:01  Overlord x3  
  103  8:03  Drone  
  108  8:44  Mutalisk x7  
  108  8:45  Hatchery  
  117  9:00  Mutalisk x3  
  117  9:02  Zergling x2  
  124  9:03  Zergling x4  
  124  9:42  Mutalisk x6  
  83  12:56  Zergling x6  
  83  12:57  Zergling x6  
Show
View Real Time Build Order
Export as new Build Order

Gracz Zerg 

Build Orders: Pool First 

Get SALT Encoding   

  12  0:03  Drone  
  13  0:26  Spawning Pool  
  13  0:27  Drone  
  13  1:15  Hatchery  
  12  1:20  Zergling x4  
  12  1:22  Overlord  
  14  1:30  Extractor  
  14  1:32  Extractor  
  12  1:33  Drone  
  13  1:40  Queen  
  15  1:49  Zergling x2  
  15  2:41  Drone x2  
  15  2:43  Drone x3  
  20  2:49  Zergling x2  
  21  3:00  Drone  
  21  3:01  Extractor  
  21  3:06  Drone  
  21  3:08  Extractor  
  22  3:12  Drone  
  22  3:13  Drone  
  23  3:33  Drone  
  23  3:34  Drone  
  25  3:38  Drone x2  
  25  3:39  Overlord  
  27  3:54  Overlord x2  
  27  3:58  Drone  
  28  4:11  Evolution Chamber  
  27  4:26  Roach Warren  
  26  4:40  Zergling x4  
  26  4:41  Zergling x2  
  29  4:48  Drone x3  
  29  4:52  Drone  
  33  4:53  Queen  
  35  5:21  Zergling x2  
  35  5:22  Zergling x4  
  35  5:26  Baneling Nest  
  37  5:45  Roach x3  
  43  5:50  Drone x2  
  43  5:54  Lair  
  45  5:58  Roach  
  47  6:08  Spore Crawler  
  46  6:14  Drone  
  47  6:23  Zergling x2  
  47  6:24  Zergling x4  
  50  6:34  Drone  
  50  6:35  Overlord  
  50  6:38  Overlord  
  51  6:50  Overlord  
  51  6:52  Overlord  
  51  7:13  Drone x2  
  51  7:14  Drone  
  54  7:16  Drone x2  
  56  7:23  Spire  
  56  7:28  Drone  
  56  8:08  Drone x3  
  59  8:13  Drone x2  
  59  8:14  Drone  
  62  8:21  Hydralisk Den  
  62  8:26  Infestation Pit  
  60  8:30  Queen  
  60  8:31  Drone x2  
  64  8:49  Mutalisk x3  
  64  8:51  Mutalisk x2  
  74  9:01  Mutalisk  
  76  9:12  Hydralisk  
  76  9:15  Hydralisk x2  
  82  9:56  Metabolic Boost  
  82  9:57  Zerg Melee Weapons Level 1  
  82  9:58  Glial Reconstitution  
  82  10:01  Zerg Flyer Armor Level 1  
  81  10:55  Hatchery  
  67  11:06  Mutalisk x3  
  67  11:09  Mutalisk x3  
  73  11:17  Tunneling Claws  
  73  11:25  Mutalisk  
  73  11:27  Mutalisk  
  77  11:42  Mutalisk x2  
  77  11:45  Mutalisk  
  71  12:19  Mutalisk x3  
  71  12:21  Mutalisk  
  71  12:22  Mutalisk x2  
  55  12:40  Zergling x2  
  55  12:43  Zergling x2  
  58  12:44  Zergling x2  
  52  13:05  Baneling x6  
Show
View Real Time Build Order
Export as new Build Order

Podhaj Protoss 

Build Orders: Nexus First 

Get SALT Encoding   

  12  0:01  Probe (Chrono Boost)  
  13  0:12  Probe (Chrono Boost)  
  14  0:22  Pylon, Probe (Chrono Boost)  
  15  0:40  Probe (Chrono Boost)  
  16  1:01  Nexus  
  16  1:14  Probe (Chrono Boost)  
  16  1:17  Gateway  
  17  1:23  Assimilator  
  17  1:24  Probe (Chrono Boost)  
  18  1:36  Probe (Chrono Boost)  
  19  1:40  Pylon  
  19  2:08  Cybernetics Core  
  19  2:12  Gateway  
  19  2:17  Forge, Probe (Chrono Boost)  
  20  2:27  Probe (Chrono Boost)  
  21  2:38  Probe (Chrono Boost)  
  22  2:45  Stalker  
  22  2:48  Probe (Chrono Boost)  
  22  2:49  Assimilator  
  25  2:52  Photon Cannon  
  25  2:59  Probe (Chrono Boost)  
  25  3:00  Stalker  
  25  3:01  Probe (Chrono Boost)  
  29  3:09  Probe (Chrono Boost)  
  29  3:12  Probe (Chrono Boost)  
  31  3:19  Stalker  
  33  3:20  Probe (Chrono Boost)  
  33  3:22  Probe (Chrono Boost)  
  35  3:30  Probe (Chrono Boost)  
  36  3:37  Pylon  
  36  3:41  Pylon, Probe (Chrono Boost)  
  37  3:45  Pylon  
  37  3:49  Stalker  
  37  3:52  Probe (Chrono Boost)  
  40  4:02  Pylon, Probe (Chrono Boost)  
  41  4:06  Pylon  
  41  4:13  Probe (Chrono Boost)  
  42  4:22  Photon Cannon  
  42  4:23  Probe (Chrono Boost)  
  43  4:26  Assimilator  
  43  4:29  Photon Cannon  
  43  4:34  Probe (Chrono Boost)  
  43  4:35  Photon Cannon  
  39  4:41  Stalker  
  39  4:42  Stalker  
  30  4:53  Probe (Chrono Boost)  
  31  5:02  Photon Cannon  
  31  5:04  Probe (Chrono Boost)  
  32  5:08  Photon Cannon  
  32  5:14  Probe (Chrono Boost)  
  32  5:20  Stalker  
  35  5:25  Probe (Chrono Boost)  
  37  5:35  Probe (Chrono Boost)  
  37  5:46  Probe (Chrono Boost)  
  38  5:53  Stalker x2  
  38  5:57  Probe (Chrono Boost)  
  43  6:05  Photon Cannon  
  43  6:07  Probe (Chrono Boost)  
  44  6:18  Probe (Chrono Boost)  
  45  6:23  Stalker x2  
  49  6:28  Probe (Chrono Boost)  
  50  6:39  Probe (Chrono Boost)  
  51  6:49  Probe (Chrono Boost)  
  52  6:55  Stargate  
  52  6:57  Stargate  
  52  7:00  Pylon  
  52  7:05  Photon Cannon  
  52  7:08  Photon Cannon  
  52  7:12  Probe (Chrono Boost)  
  53  7:17  Probe (Chrono Boost)  
  54  7:23  Probe (Chrono Boost)  
  54  7:27  Probe (Chrono Boost)  
  56  7:33  Probe (Chrono Boost)  
  56  7:35  Stargate  
  57  7:38  Probe (Chrono Boost)  
  57  7:39  Stargate  
  58  7:48  Probe (Chrono Boost)  
  59  8:04  Zealot x2  
  63  8:20  Void Ray x2  
  63  8:24  Assimilator  
  63  8:26  Probe (Chrono Boost)  
  72  8:31  Zealot x2  
  76  8:36  Probe (Chrono Boost)  
  77  8:47  Probe (Chrono Boost)  
  78  8:52  Void Ray  
  78  8:53  Void Ray  
  86  8:57  Probe (Chrono Boost)  
  87  9:19  Nexus  
  87  9:46  Void Ray  
  91  9:55  Pylon  
  91  9:57  Pylon  
  91  9:59  Pylon  
  91  10:00  Pylon  
  91  10:05  Void Ray  
  94  10:13  Void Ray x2  
  102  10:24  Pylon  
  102  10:29  Void Ray  
  102  10:48  Void Ray  
  88  10:55  Photon Cannon  
  88  10:56  Void Ray x2  
  96  10:57  Photon Cannon  
  96  10:59  Photon Cannon  
  96  11:04  Pylon  
  96  11:12  Void Ray  
  96  11:13  Probe (Chrono Boost)  
  101  11:24  Probe (Chrono Boost)  
  102  11:31  Void Ray  
  106  11:34  Probe (Chrono Boost)  
  106  11:39  Void Ray x2  
  107  11:45  Probe (Chrono Boost)  
  104  11:55  Probe (Chrono Boost)  
  104  11:58  Void Ray  
  101  12:06  Probe (Chrono Boost)  
  102  12:12  Photon Cannon  
  102  12:14  Photon Cannon, Void Ray  
  106  12:16  Pylon, Probe (Chrono Boost)  
  106  12:21  Void Ray  
  115  12:27  Probe (Chrono Boost)  
  116  12:34  Assimilator  
  92  12:38  Assimilator, Probe (Chrono Boost)  
  69  12:48  Probe (Chrono Boost)  
  74  12:59  Probe (Chrono Boost)  
  63  13:09  Probe (Chrono Boost)  
Tags
 
Add a new tag
Caveats
  • Supply blocks, unpowered buildings, or Contaminate may cause inaccurate times.
  • Supply counts are checked every 10 seconds.